 Dungeon Crawl Stone Soup version 0.20.1-1-g8b1a95d (webtiles) character file.

125 Araratina the Shield-Bearer (level 5, -8/41 HPs)
             Began as a Human Fighter on Oct 23, 2017.
             Killed by divine providence
             ... invoked by an orc priest
              (12 damage)
             ... on level 4 of the Dungeon.
             The game lasted 00:25:58 (1956 turns).

Araratina the Shield-Bearer (Human Fighter)         Turns: 1956, Time: 00:25:59

Health: -8/41      AC: 11    Str: 17    XL:     5   Next: 30%
Magic:  5/5        EV:  1    Int:  8    God:
Gold:   263        SH: 13    Dex: 13    Spells: 4/4 levels left

rFire    . . .     SeeInvis .   a - +0 flail
rCold    . . .     Gourm    .   v - +0 large shield
rNeg     . . .     Faith    .   h - +0 plate armour
rPois    .         Spirit   .   (no helmet)
rElec    .         Reflect  .   (no cloak)
rCorr    .         Harm     .   (no gloves)
MR       .....                  (no boots)
Stlth    ..........             (no amulet)
Regen    0.2/turn               r - ring of wizardry
MPRegen  0.1/turn               (no ring)

@: about to teleport
A: no striking features
a: no special abilities


You were on level 4 of the Dungeon.
You were very hungry.

You visited 1 branch of the dungeon, and saw 4 of its levels.

You collected 263 gold pieces.

Inventory:

Hand Weapons
 a - a +0 flail (weapon)
Armour
 b - a +0 scale mail
 c - a +0 shield
 h - a +0 plate armour (worn)
 n - a cursed +0 robe
 v - a +0 large shield (worn)
Jewellery
 r - a ring of wizardry (left hand)
Wands
 s - a wand of disintegration (9/24)
 w - a wand of iceblast (11/15)
 x - a wand of paralysis (0/24)
Scrolls
 e - a scroll of enchant armour {unknown}
 g - a scroll of fog {unknown}
 i - 5 scrolls of identify
 j - a scroll of remove curse
 k - a scroll of teleportation
 u - a scroll of immolation {unknown}
Potions
 d - a potion of might
 l - 2 potions of resistance {unknown}
 m - a potion of curing {unknown}
 o - a potion of magic {unknown}
 q - 2 potions of berserk rage {unknown}
 t - 2 potions of agility {unknown}
 z - 3 potions of flight {unknown}
Comestibles
 f - 4 bread rations
 p - 8 fruits
 A - a royal jelly


   Skills:
 + Level 3.5 Fighting
 + Level 3.5 Maces & Flails
 + Level 3.5 Armour
 + Level 0.2 Dodging
 + Level 3.8 Shields


You had 4 spell levels left.
You didn't know any spells.

Dungeon Overview and Level Annotations

Branches:
Dungeon (4/15)
 Temple: D:4-7

Altars:
Elyvilon
Uskayaw


Message History

You closely miss the adder.
The adder bites you but does no damage. x2
You thump the adder!
The adder is almost dead.
The adder bites you. You block the adder's attack.
You sock the adder!
You kill the adder!
Your plate armour prevents you from hitting the orc warrior.
You block the orc warrior's attack.
You hit the orc warrior.
The orc warrior is lightly wounded.
You block the orc warrior's attack.
Your shield and plate armour prevent you from hitting the orc warrior.
The orc warrior is lightly wounded.
The orc warrior hits you with a battleaxe!!
* * * LOW HITPOINT WARNING * * *
As you read the scroll of teleportation, it crumbles to dust.
You feel strangely unstable.
The orc priest mumbles some strange prayers to Beogh against you.
Beogh smites you!
You die...

####### #....[#
#.....#
.##.....#
........#
#.....%#
###.##.#@#
#.<...[#o#
#.#.####.#
#.##.#.####†#
#...†.....oo#
####..####.##
#.........#
.......#......
.##..#.......###


You could see an orc warrior, an orc priest and an orc.

Vanquished Creatures
  A hound (D:4)
  Ijyb (D:3)
  2 adders
  2 leopard geckos
  6 bats
  A giant cockroach (D:1)
  5 hobgoblins
  4 jackals (D:1)
  A quokka (D:3)
  4 frilled lizards
  9 goblins
  4 kobolds
  10 rats
50 creatures vanquished.

Notes
Turn   | Place    | Note
-------+----------+-------------------------------------------
     0 | D:1      | Araratina the Human Fighter began the quest for the Orb.
     0 | D:1      | Reached XP level 1. HP: 18/18 MP: 1/1
   152 | D:1      | Reached XP level 2. HP: 19/24 MP: 2/2
   291 | D:1      | Reached XP level 3. HP: 18/29 MP: 3/3
   662 | D:2      | Found a hide-covered altar of Uskayaw.
   765 | D:2      | Found a white marble altar of Elyvilon.
  1281 | D:3      | Reached XP level 4. HP: 21/35 MP: 4/4
  1439 | D:3      | Found a faded altar of an unknown god.
  1562 | D:3      | Noticed Ijyb
  1565 | D:3      | Paralysed by Ijyb for 2 turns
  1571 | D:3      | Paralysed by Ijyb for 3 turns
  1580 | D:3      | Paralysed by Ijyb for 2 turns
  1586 | D:3      | Paralysed by Ijyb for 5 turns
  1597 | D:3      | Paralysed by Ijyb for 5 turns
  1603 | D:3      | Killed Ijyb
  1928 | D:4      | Noticed an orc warrior
  1940 | D:4      | Reached XP level 5. HP: 26/41 MP: 5/5
  1956 | D:4      | Killed from afar by an orc priest

Skill      XL: |  1  2  3  4 |
---------------+-------------+-----
Maces & Flails | 3 |  3.5
Fighting       | |  3.5
Armour         | |  3.5
Dodging        | |  0.2
Shields        | |  3.8

Action                   |  1- 3 |  4- 6 || total
-------------------------+-------+-------++-------
Melee: Flail             |   185 |    87 ||   272
  Use: Scroll            |     1 |     4 ||     5
  Eat: Fruit             |       |     3 ||     3
Armor: Plate armour      |   181 |    46 ||   227
Dodge: Dodged            |    25 |     2 ||    27
Block: Shield            |   119 |       ||   119
       Large shield      |       |    65 ||    65
